 Dungeon Crawl Stone Soup version 0.31.0-32-g396128a36d (webtiles) character file.

Game seed: 4814644278089311208

25 PaiMei the Grave Robber (level 2, -2/19 HPs)
             Began as a Demonspawn Necromancer on Apr 1, 2024.
             Slain by a ribbon worm (6 damage)
             ... on level 2 of the Dungeon.
             The game lasted 00:01:30 (1277 turns).

PaiMei the Grave Robber (Demonspawn Necromancer)    Turns: 1277, Time: 00:01:30

Health: -2/19      AC:  3    Str:  8    XL:     2   Next: 86%
Magic:  0/5        EV: 12    Int: 15    God:
Gold:   84         SH:  0    Dex: 13    Spells: 4/5 levels left

rFire   . . .        i - +0 dagger
rCold   . . .        (no shield)
rNeg    + . .        a - +0 robe
rPois   .            h - +0 helmet
rElec   .            (no cloak)
rCorr   .            (no gloves)
SInv    .            (no boots)
Will    .....        (no amulet)
Stlth   ++           f - ring of positive energy
HPRegen 0.23/turn    (no ring)
MPRegen 0.09/turn

%: no passive effects
@: no status effects
A: weakness stinger 1
a: no special abilities


You were on level 2 of the Dungeon.
You visited 1 branch of the dungeon, and saw 2 of its levels.

You collected 84 gold pieces.

Inventory:

Hand Weapons
 i - a +0 dagger (weapon)
Armour
 a - a +0 robe (worn)
 h - a +0 helmet (worn)
Jewellery
 f - a ring of positive energy (left hand)
Scrolls
 c - a scroll of amnesia {unknown}
 d - a scroll of identify {unknown}
 e - a scroll of vulnerability {unknown}
 g - a scroll of torment {unknown}
 j - a scroll of noise {unknown}
Potions
 b - a potion of magic


   Skills:
 + Level 2.1 Dodging
 + Level 2.2 Stealth
 + Level 2.3 Spellcasting
 + Level 4.6 Necromancy


You had 4 spell levels left.
You knew the following spells:

 Your Spells              Type           Power      Damage    Failure   Level
a - Necrotise             Necr           60%        1d7       3%          1

Your spell library contained the following spells:

 Spells                   Type           Power      Damage    Failure   Level
 Vampiric Draining        Necr           15%        2d7       10%         3
 Animate Dead             Necr           15%        N/A       30%         4
 Tukima's Dance           Hex            1%         N/A       54%         3
 Dimensional Bullseye     Hex/Tloc       0%         N/A       91%         4
 Iskenderun's Mystic Bla  Conj/Tloc      1%         2d3       91%         4
 Curse of Agony           Necr           15%        N/A       65%         5


Dungeon Overview and Level Annotations

Branches:
Dungeon (2/15)

Altars:


Innate Abilities, Weirdness & Mutations

You have a small tail.


Message History

You hit the ribbon worm.
The ribbon worm is almost dead.
The ribbon worm bites you!
Casting: Necrotise (safe; 3% risk of failure)
Confirm with . or Enter, or press ? or * to list all spells.
You don't have enough magic to cast this spell.
You hit the ribbon worm but do no damage.
The ribbon worm is almost dead.
Casting: Necrotise (safe; 3% risk of failure)
Confirm with . or Enter, or press ? or * to list all spells.
Aiming: Necrotise (safe; 3% risk of failure)
Press: ? - help, Shift-Dir - straight line, f/p - ribbon worm
Aim: a ribbon worm (almost dead, catching its breath, chance to affect: 79%)
The ribbon worm writhes in agony.
The ribbon worm bites you.
* * * LOW HITPOINT WARNING * * *
You barely miss the ribbon worm.
The ribbon worm is almost dead.
The ribbon worm expels a string of sticky webbing.
The stream of webbing hits you but does no damage.
You are caught in a web!
The web tears apart.
A ribbon worm comes into view.
The ribbon worm misses you.
You barely miss the ribbon worm.
The ribbon worm is severely wounded.
The ribbon worm barely misses you.
Casting: Necrotise (safe; 3% risk of failure)
Confirm with . or Enter, or press ? or * to list all spells.
You don't have enough magic to cast this spell.
You hit the ribbon worm.
The ribbon worm is almost dead.
Casting: Necrotise (safe; 3% risk of failure)
Confirm with . or Enter, or press ? or * to list all spells.
You don't have enough magic to cast this spell.
Casting: Necrotise (safe; 3% risk of failure)
Confirm with . or Enter, or press ? or * to list all spells.
You don't have enough magic to cast this spell.
The ribbon worm attacks as it pursues you!
The ribbon worm bites you.
You die...

#.#> .# # #.#. ...#
# .... .#. ..
#.#.###.. ..#
#.#..... ...#
#>##.#w# ..$..
#.##.#.####.....#
####.....@w.........
#....##.#.#.........
#.##.##.#...........
# #.##.###.........
#.##.. ..........
#.######........|
#....# #.........
####.# #.........
#.#


You could see 2 ribbon worms.

Vanquished Creatures
  A ribbon worm (D:2)
  5 ball pythons (D:2)
  2 bats
  An endoplasm (D:2)
  2 giant cockroaches
  2 goblins
  A hobgoblin (D:2)
  A quokka (D:2)
  A frilled lizard (D:2)
  2 kobolds
  3 rats
21 creatures vanquished.

Vanquished Creatures (collateral kills)
  A rat (D:2)
1 creature vanquished.

Grand Total: 22 creatures vanquished

Notes
Turn   | Place    | Note
-------+----------+-------------------------------------------
     0 | D:1      | PaiMei the Demonspawn Necromancer began the quest for the
                  | Orb.
     0 | D:1      | Reached XP level 1. HP: 13/13 MP: 3/3
   909 | D:2      | Gained mutation: You have a small tail. [demonic ancestry]
   909 | D:2      | Reached XP level 2. HP: 19/19 MP: 3/5
  1277 | D:2      | Slain by a ribbon worm

Illustrated notes

Levels and vault maps discovered:
D:1:      amcnicky_arrival_choice, layout_basic
D:2:      layout_loops_ring, serial_shops, nicolae_shop_hallway_plus,
          ebering_ecumenical_altar_webs, kennysheep_generic_room_4

Skill      XL: |  1 |
---------------+----+-----
Stealth        | 2 |  2.2
Dodging        | 2 |  2.1
Spellcasting   | |  2.3
Necromancy     | |  4.6

Action                     || total
---------------------------++-------
  Melee: Unarmed           ||    28
         Dagger            ||    13
   Cast: Necrotise         ||    40
 Armour: Robe              ||    31
  Dodge: Dodged            ||    42
